MLB
SAN DIEGO PADRES @ NEW YORK METS
08/24/2044
 
TOP OF THE 1ST
San Diego Padres batting - Pitching for New York Mets : LHP Lewis Thorpe Jr.
Pitching: LHP Lewis Thorpe Jr.
Batting: RHB Alois Wollf 0-0: Ball
1-0: Ball
2-0: Swinging Strike
2-1: Foul Ball, location: 2F
2-2: Foul Ball, location: 2F
2-2: Strikes out swinging
Batting: RHB Cesar Breceda 0-0: Swinging Strike
0-1: Ball
1-1: Ball
2-1: DOUBLE (Flyball, 89D, EV 111.3 MPH)
Batting: SHB Jerry Luckwell 0-0: Ball
1-0: Called Strike
1-1: Called Strike
1-2: Ball
2-2: Ball
3-2: Strikes out looking
Batting: RHB Carlos Reyes 0-0: Called Strike
0-1: Foul Ball, location: 2F
0-2: Foul Ball, location: 2F
0-2: Foul Ball, location: 2F
0-2: Ground out 6-3 (Groundball, 6, EV 85.6 MPH)
Top of the 1st over - 0 runs, 1 hit, 0 errors, 1 left on base; San Diego 0 - New York 0
BOTTOM OF THE 1ST
New York Mets batting - Pitching for San Diego Padres : RHP Toby Williams
Pitching: RHP Toby Williams
Batting: SHB Javy Rosa 0-0: Called Strike
0-1: SINGLE (Line Drive, 7LS, EV 95.6 MPH)
Batting: SHB Nelle van den Berg 0-0: TRIPLE (Line Drive, 89XD, EV 113.8 MPH)
Javy Rosa scores
Batting: SHB Jonathan Jenkins 0-0: Foul Ball, location: 2F
0-1: Foul Ball, location: 2F
0-2: Ball
1-2: SINGLE (Flyball, 8RS, EV 96.3 MPH)
Nelle van den Berg scores
Batting: SHB Sean Cook 0-0: Ball
1-0: Called Strike
1-1: DOUBLE (Line Drive, 5D, EV 103.8 MPH)
Jonathan Jenkins to third
Batting: SHB Gus Berry 0-0: Ball
1-0: Ball
2-0: Called Strike
2-1: Fly out, F9 (Flyball, 89D, EV 97.5 MPH)
Runner from 3rd tags up, SCORES, throw by RF
Sean Cook to third
Batting: SHB Kaname Fujimoto 0-0: Ball
1-0: Fly out, F8 (Flyball, 78S, EV 82.5 MPH)
Batting: LHB Timo Gomez 0-0: Called Strike
0-1: Ball
1-1: Ball
2-1: Ground out 5-3 (Groundball, 5, EV 103.1 MPH)
Bottom of the 1st over - 3 runs, 4 hits, 0 errors, 1 left on base; San Diego 0 - New York 3
TOP OF THE 2ND
San Diego Padres batting - Pitching for New York Mets : LHP Lewis Thorpe Jr.
Batting: LHB Mike Holt 0-0: Foul Ball, location: 2F
0-1: Fly out, F6 (Popup, 6MD, EV 57.5 MPH)
Batting: RHB Alberto Cotto 0-0: Called Strike
0-1: Ball
1-1: Ball
2-1: Called Strike
2-2: Foul Ball, location: 2F
2-2: Foul Ball, location: 2F
2-2: Foul Ball, location: 2F
2-2: Ball
3-2: Strikes out looking
Batting: LHB Xavier Pittman 0-0: Ball
1-0: Ball
2-0: Called Strike
2-1: Fly out, F9 (Flyball, 9D, EV 88.1 MPH)
Top of the 2nd over - 0 runs, 0 hits, 0 errors, 0 left on base; San Diego 0 - New York 3
BOTTOM OF THE 2ND
New York Mets batting - Pitching for San Diego Padres : RHP Toby Williams
Batting: SHB Tomas Caldera 0-0: Fly out, F8 (Flyball, 89D, EV 93.8 MPH)
Batting: SHB Scott Bartholomew 0-0: Foul Ball, location: 2F
0-1: Ball
1-1: Swinging Strike
1-2: Ground out 5-3 (Groundball, 56S, EV 86.9 MPH)
Batting: SHB Javy Rosa 0-0: Called Strike
0-1: Ground out 5-3 (Groundball, 56, EV 110.0 MPH)
Bottom of the 2nd over - 0 runs, 0 hits, 0 errors, 0 left on base; San Diego 0 - New York 3
TOP OF THE 3RD
San Diego Padres batting - Pitching for New York Mets : LHP Lewis Thorpe Jr.
Batting: LHB Andy Bowman 0-0: Ball
1-0: Ball
2-0: Called Strike
2-1: Ball
3-1: Called Strike
3-2: Strikes out looking
Batting: LHB Chris Moody 0-0: Ball
1-0: Called Strike
1-1: Ball
2-1: Ball
3-1: Called Strike
3-2: SINGLE (Groundball, 23, EV 68.1 MPH) (infield hit)
Batting: RHB Alois Wollf 0-0: Ball
1-0: Called Strike
1-1: Called Strike
1-2: Grounds into double play, 6-4-3 (Groundball, 56, EV 106.3 MPH)
Top of the 3rd over - 0 runs, 1 hit, 0 errors, 0 left on base; San Diego 0 - New York 3
BOTTOM OF THE 3RD
New York Mets batting - Pitching for San Diego Padres : RHP Toby Williams
Batting: SHB Nelle van den Berg 0-0: Ball
1-0: SINGLE (Flyball, 4D, EV 91.3 MPH)
Batting: SHB Jonathan Jenkins 0-0: Ball
1-0: Fielders Choice at 2nd, 4-6 (Groundball, 4D, EV 100.6 MPH)
Batting: SHB Sean Cook 0-0: Ball
1-0: Ball
2-0: Foul Ball, location: 2F
2-1: Swinging Strike
2-2: Strikes out swinging
Batting: SHB Gus Berry 0-0: Ball
1-0: Called Strike
1-1: Ball
2-1: Foul Ball, location: 2F
2-2: Ball
3-2: Ground out 6-3 (Groundball, P, EV 88.1 MPH)
Bottom of the 3rd over - 0 runs, 1 hit, 0 errors, 1 left on base; San Diego 0 - New York 3
TOP OF THE 4TH
San Diego Padres batting - Pitching for New York Mets : LHP Lewis Thorpe Jr.
Batting: RHB Cesar Breceda 0-0: Foul Ball, location: 2F
0-1: Ground out 6-3 (Groundball, 6, EV 106.9 MPH)
Batting: SHB Jerry Luckwell 0-0: Called Strike
0-1: Called Strike
0-2: Fly out, F8 (Flyball, 8RM, EV 85.0 MPH)
Batting: RHB Carlos Reyes 0-0: Ball
1-0: Called Strike
1-1: Called Strike
1-2: Foul Ball, location: 2F
1-2: Strikes out swinging
Top of the 4th over - 0 runs, 0 hits, 0 errors, 0 left on base; San Diego 0 - New York 3
BOTTOM OF THE 4TH
New York Mets batting - Pitching for San Diego Padres : RHP Toby Williams
Batting: SHB Kaname Fujimoto 0-0: Ball
1-0: Swinging Strike
1-1: Ground out U3 (Groundball, 3, EV 76.9 MPH)
Batting: LHB Timo Gomez 0-0: Called Strike
0-1: Ball
1-1: Ground out 1-3 (Groundball, 15S, EV 73.1 MPH)
Batting: SHB Tomas Caldera 0-0: Ball
1-0: Ball
2-0: Ball
3-0: Base on Balls
Batting: SHB Scott Bartholomew 0-0: Ball
1-0: Swinging Strike
1-1: Ball
2-1: Called Strike
2-2: Strikes out swinging
Bottom of the 4th over - 0 runs, 0 hits, 0 errors, 1 left on base; San Diego 0 - New York 3
TOP OF THE 5TH
San Diego Padres batting - Pitching for New York Mets : LHP Lewis Thorpe Jr.
Batting: LHB Mike Holt 0-0: Foul Ball, location: 2F
0-1: Ball
1-1: Ball
2-1: Called Strike
2-2: Ground out 4-3 (Groundball, 4, EV 105.0 MPH)
Batting: RHB Alberto Cotto 0-0: Foul Ball, location: 2F
0-1: Ball
1-1: Ball
2-1: Ground out 5-3 (Groundball, 56S, EV 81.3 MPH)
Batting: LHB Xavier Pittman 0-0: Ball
1-0: SINGLE (Groundball, 34D, EV 101.3 MPH)
Batting: LHB Andy Bowman 0-0: Swinging Strike
0-1: Ball
1-1: Ball
2-1: Foul Ball, location: 2F
2-2: Fly out, F8 (Flyball, 8LM, EV 88.8 MPH)
Top of the 5th over - 0 runs, 1 hit, 0 errors, 1 left on base; San Diego 0 - New York 3
BOTTOM OF THE 5TH
New York Mets batting - Pitching for San Diego Padres : RHP Toby Williams
Batting: SHB Javy Rosa 0-0: Ball
1-0: Called Strike
1-1: Foul Ball, location: 2F
1-2: Hit by Pitch
Batting: SHB Nelle van den Berg 0-0: Sac Bunt to P - play at first, batter OUT! 1-3
Javy Rosa to second
Batting: SHB Jonathan Jenkins 0-0: Ball
1-0: Foul Ball, location: 2F
1-1: SINGLE (Line Drive, 9S, EV 105.6 MPH)
Javy Rosa to third
Runner from 3rd tries for Home, SAFE, throw by RF to home
Batting: SHB Sean Cook 0-0: Ball
1-0: Ball
2-0: Foul Ball, location: 2F
2-1: Ball
3-1: Grounds into double play, 4-6-3 (Groundball, 4, EV 90.0 MPH)
Bottom of the 5th over - 1 run, 1 hit, 0 errors, 0 left on base; San Diego 0 - New York 4
TOP OF THE 6TH
San Diego Padres batting - Pitching for New York Mets : LHP Lewis Thorpe Jr.
Batting: LHB Chris Moody 0-0: Foul Ball, location: 2F
0-1: Ball
1-1: SINGLE (Groundball, 3D, EV 102.5 MPH)
Batting: RHB Alois Wollf 0-0: Called Strike
0-1: Ball
1-1: Ball
2-1: Fly out, F5 (Line Drive, 5, EV 72.5 MPH)
Batting: RHB Cesar Breceda 0-0: Ball
1-0: Ball
2-0: Foul Ball, location: 2F
2-1: Ball
3-1: Grounds into double play, 6-4-3 (Groundball, 6MS, EV 79.4 MPH)
Top of the 6th over - 0 runs, 1 hit, 0 errors, 0 left on base; San Diego 0 - New York 4
BOTTOM OF THE 6TH
New York Mets batting - Pitching for San Diego Padres : RHP Toby Williams
Batting: SHB Gus Berry 0-0: Ball
1-0: Ball
2-0: Ball
3-0: Called Strike
3-1: Reached on error, E6 (Groundball, 6, EV 81.3 MPH)
Batting: SHB Kaname Fujimoto 0-0: Foul Ball, location: 2F
0-1: Foul Ball, location: 2F
0-2: Foul Ball, location: 2F
0-2: Fly out, F7 (Line Drive, 7, EV 95.0 MPH)
Batting: LHB Timo Gomez 0-0: Ball
1-0: Ball
2-0: Ball
3-0: Called Strike
3-1: Foul Ball, location: 2F
3-2: Foul Ball, location: 2F
3-2: Fielders Choice at 2nd, 4-6 (Groundball, 4, EV 100.6 MPH)
Batting: SHB Tomas Caldera 0-0: Ball
1-0: Foul Ball, location: 2F
1-1: Called Strike
Timo Gomez steals 2nd base
1-2: Ball
2-2: SINGLE (Groundball, 5L, EV 80.0 MPH) (infield hit)
Timo Gomez to third
Batting: SHB Scott Bartholomew 0-0: Called Strike
0-1: SINGLE (Groundball, 56, EV 100.0 MPH)
Timo Gomez scores
Tomas Caldera to second
Pitching: LHP Ricardo Chavez
Batting: SHB Javy Rosa 0-0: Ball
1-0: Called Strike
1-1: Ball
2-1: Ball
3-1: Base on Balls
Tomas Caldera to third
Scott Bartholomew to second
Batting: SHB Nelle van den Berg 0-0: Ball
1-0: Ground out 1-3 (Groundball, 25, EV 65.6 MPH)
Bottom of the 6th over - 1 run, 2 hits, 1 error, 3 left on base; San Diego 0 - New York 5
TOP OF THE 7TH
San Diego Padres batting - Pitching for New York Mets : LHP Lewis Thorpe Jr.
Batting: SHB Jerry Luckwell 0-0: Foul Ball, location: 2F
0-1: Ball
1-1: Ball
2-1: Foul Ball, location: 2F
2-2: Ground out U3 (Groundball, 3, EV 77.5 MPH)
Batting: RHB Carlos Reyes 0-0: Called Strike
0-1: Called Strike
0-2: Ball
1-2: Fly out, F9 (Flyball, 9, EV 93.1 MPH)
Batting: LHB Mike Holt 0-0: Ball
1-0: Swinging Strike
1-1: Ball
2-1: DOUBLE (Line Drive, 8LXD, EV 108.8 MPH)
Batting: RHB Alberto Cotto 0-0: Called Strike
0-1: Called Strike
0-2: Strikes out swinging
Top of the 7th over - 0 runs, 1 hit, 0 errors, 1 left on base; San Diego 0 - New York 5
BOTTOM OF THE 7TH
New York Mets batting - Pitching for San Diego Padres : LHP Ricardo Chavez
Batting: SHB Jonathan Jenkins 0-0: Swinging Strike
0-1: Ball
1-1: Fly out, F3 (Popup, 3SF, EV 70.6 MPH)
Batting: SHB Sean Cook 0-0: Called Strike
0-1: Ball
1-1: Ball
2-1: Foul Ball, location: 2F
2-2: Strikes out swinging
Batting: SHB Gus Berry 0-0: Called Strike
0-1: Ball
1-1: Ball
2-1: Called Strike
2-2: Strikes out swinging
Bottom of the 7th over - 0 runs, 0 hits, 0 errors, 0 left on base; San Diego 0 - New York 5
TOP OF THE 8TH
San Diego Padres batting - Pitching for New York Mets : LHP Lewis Thorpe Jr.
Pitching: RHP David Matheney
Batting: LHB Xavier Pittman 0-0: Ball
1-0: Foul Ball, location: 2F
1-1: Foul Ball, location: 2F
1-2: Foul Ball, location: 2F
1-2: Ball
2-2: Strikes out swinging
Batting: LHB Andy Bowman 0-0: Ball
1-0: Swinging Strike
1-1: Swinging Strike
1-2: Strikes out looking
Batting: LHB Chris Moody 0-0: Swinging Strike
0-1: Ball
1-1: Foul Ball, location: 2F
1-2: Foul Ball, location: 2F
1-2: Ball
2-2: Strikes out swinging
Top of the 8th over - 0 runs, 0 hits, 0 errors, 0 left on base; San Diego 0 - New York 5
BOTTOM OF THE 8TH
New York Mets batting - Pitching for San Diego Padres : LHP Ricardo Chavez
Batting: SHB Kaname Fujimoto 0-0: Swinging Strike
0-1: Foul Ball, location: 2F
0-2: Ball
1-2: Ball
2-2: Ball
3-2: Foul Ball, location: 2F
3-2: Foul Ball, location: 2F
3-2: Base on Balls
Batting: LHB Timo Gomez 0-0: Called Strike
0-1: Foul Ball, location: 2F
0-2: Foul Ball, location: 2F
0-2: Ball
1-2: Ball
Wild Pitch!
Kaname Fujimoto to second
2-2: Strikes out looking
Batting: SHB Tomas Caldera 0-0: Ground out 5-3 (Groundball, 56, EV 99.4 MPH)
Batting: SHB Scott Bartholomew 0-0: Called Strike
0-1: Foul Ball, location: 2F
0-2: Ball
1-2: Strikes out swinging
Bottom of the 8th over - 0 runs, 0 hits, 0 errors, 1 left on base; San Diego 0 - New York 5
TOP OF THE 9TH
San Diego Padres batting - Pitching for New York Mets : RHP David Matheney
Batting: RHB Alois Wollf 0-0: Ground out 4-3 (Groundball, 4, EV 84.4 MPH)
Batting: RHB Cesar Breceda 0-0: Ball
1-0: Foul Ball, location: 2F
1-1: Ground out 5-3 (Groundball, 5L, EV 106.3 MPH)
Batting: SHB Jerry Luckwell 0-0: Ground out 5-3 (Groundball, 5L, EV 80.6 MPH)
Top of the 9th over - 0 runs, 0 hits, 0 errors, 0 left on base; San Diego 0 - New York 5
Thursday, March 31st , 2022 - OOTP Baseball 22.12 Build 89